 Dungeon Crawl Stone Soup version 0.31-a0-180-g519b7de00c (webtiles) character file.

Game seed: 7298469157159391958

205 qw the Chopper (level 5, -6/32 HPs)
             Began as a Gargoyle Fighter on June 20, 2023.
             Mangled by a wraith (9 damage)
             ... in an ossuary.
             The game lasted 00:01:35 (3126 turns).

qw the Chopper (Gargoyle Fighter)                   Turns: 3126, Time: 00:01:35

Health: -6/32      AC: 15    Str: 21    XL:     5   Next: 83%
Magic:  5/5        EV:  7    Int:  9    God:
Gold:   250        SH:  4    Dex:  9    Spells: 4/4 levels left

rFire   . . .        Y - +1 war axe
rCold   . . .        c - +0 buckler
rNeg    + . .        e - +0 chain mail
rPois   inf          n - +1 helmet
rElec   +            (no cloak)
rCorr   .            (no gloves)
SInv    .            (no boots)
Will    .....        (no amulet) Stlth
                     (no ring)
HPRegen 0.25/turn    (no ring)
MPRegen 0.09/turn

%: no passive effects
@: about to teleport, slowed, very slow
A: sickness immunity, AC +4, negative energy resistance 1, electricity
resistance, torment resistance 1, petrification resistance
a: no special abilities


You were in an ossuary.
You visited 1 branch of the dungeon, and saw 4 of its levels.
You also visited: Ossuary.

You collected 250 gold pieces.


Innate Abilities, Weirdness & Mutations

You are immune to sickness and miasma.
Your stone body is resilient. (AC +4)
You are immune to poison.
You resist negative energy. (rN+)
You are resistant to electric shocks. (rElec)
You are resistant to unholy torment.
You are immune to petrification.


   Skills:
 + Level 3.6 Fighting
 - Level 5.0 Axes
 - Level 1.1 Throwing
 - Level 3.2 Armour
 - Level 3.2 Shields


You had 4 spell levels left.
You didn't know any spells.
Your spell library was empty.

Inventory:

Hand Weapons
 p - a +0 flail
 Y - a +1 war axe (weapon)
Armour
 c - a +0 buckler (worn)
 e - a +0 chain mail (worn)
 n - a +1 helmet (worn)
Scrolls
 g - a scroll of identify
 m - 3 scrolls of teleportation
Potions
 a - 2 potions of lignification
 d - a potion of might
 f - a potion of mutation {unknown}
 h - a potion of heal wounds {unknown}
 i - a potion of cancellation {unknown}
 l - a potion of haste {unknown}

Dungeon Overview and Level Annotations

Branches:
Dungeon (4/15)            Ossuary (1/1)
 Temple: D:4-7

Altars:


Message History

You destroy the orc skeleton!
Found a gate leading back out of this place.
o - a javelin You open the door.
There is an open door here.
Found a scroll of noise.
Found a scroll of blinking.
A wraith opens the door.
You throw a javelin. The javelin barely misses the wraith.
The wraith hits you. The wraith drains your vigour!
You feel yourself slow down.
You closely miss the wraith.
The wraith hits you but does no damage. x2
You hit the wraith.
The wraith is lightly damaged.
The wraith hits you! The wraith hits you but does no damage.
You hit the wraith but do no damage.
The wraith is lightly damaged.
The wraith hits you but does no damage. x2
You barely miss the wraith.
The wraith is lightly damaged.
The wraith hits you. The wraith closely misses you.
You closely miss the wraith.
The wraith is lightly damaged.
The wraith hits you. The wraith hits you but does no damage.
You hit the wraith.
The wraith is lightly damaged.
The wraith hits you but does no damage. The wraith hits you.
The wraith drains your vigour!
You feel as though you will be slow longer.
You hit the wraith.
The wraith is lightly damaged.
The wraith hits you! The wraith drains your vigour!
You feel as though you will be slow longer.
3126 ||| READING 4 scrolls of teleportation.
As you read the scroll of teleportation, it crumbles to dust.
You feel strangely unstable. The wraith hits you.
The wraith drains your vigour!
You feel as though you will be slow longer.
The wraith hits you!
You die...

#####################
....................#
..................\.#
..#####'#####.......#
#.........##......#
#...#####...##.....#
#...##...##...##....#
... #..!..##@..#....#
.. .?.??..W...+....# .
#..??.##...#....#
##(..##...##....#
.##### ..##.....# ..
..##......#
(..#####+#####.......#
(..................\.#
.....................#


You could see a wraith.

Vanquished Creatures
  A scorpion (D:3)
  A mummy (Ossuary)
  3 gnolls (D:3)
  An adder (D:2)
  2 worms
  5 dart slugs
  9 orcs
  3 bats
  2 endoplasms (D:2)
  5 goblins
  5 hobgoblins
  4 jackals (D:3)
  2 quokkas (D:4)
  5 ball pythons
  2 frilled lizards (D:2)
  4 gnoll skeletons (Ossuary)
  6 kobolds
  2 kobold skeletons (Ossuary)
  13 orc skeletons (Ossuary)
  5 rats
80 creatures vanquished.

Notes
Turn   | Place    | Note
-------+----------+-------------------------------------------
     0 | D:1      | qw the Gargoyle Fighter began the quest for the Orb.
     0 | D:1      | Reached XP level 1. HP: 14/14 MP: 1/1
     0 | D:1      | 0 ||| qw: Version: 0.3-a-9-g12657ce
     0 | D:1      | 0 ||| qw: Game counter: 1169
     0 | D:1      | 0 ||| qw: Always use a shield: true
     0 | D:1      | 0 ||| qw: God list: Okawaru
     0 | D:1      | 0 ||| qw: Allow faded altars: false
     0 | D:1      | 0 ||| qw: Do Orc after D:15 true
     0 | D:1      | 0 ||| qw: Do second Lair branch before Depths: true
     0 | D:1      | 0 ||| qw: Lair rune preference: random
     0 | D:1      | 0 ||| qw: Plans: Normal, Zot:1-4, Slime:5, God:TSO, Crypt,
                  | Tomb, Abyss, Pan, Hells, Win
     0 | D:1      | 0 ||| PLANNING D:1-11
    46 | D:1      | 46 ||| Stepping ~*~*~tactically~*~*~ (hiding).
    50 | D:1      | Reached skill level 2 in Axes
    95 | D:1      | 95 ||| Stepping ~*~*~tactically~*~*~ (stealth).
    96 | D:1      | 96 ||| Stepping ~*~*~tactically~*~*~ (stealth).
    99 | D:1      | 99 ||| Stepping ~*~*~tactically~*~*~ (hiding).
   100 | D:1      | 100 ||| Stepping ~*~*~tactically~*~*~ (hiding).
   147 | D:1      | Reached XP level 2. HP: 19/19 MP: 2/2
   522 | D:1      | 522 ||| READING scroll labelled DEMIEN JOAZU.
   623 | D:1      | 623 ||| READING 2 scrolls labelled JUYCWI ONYENN.
   624 | D:1      | 624 ||| READING 3 scrolls labelled WEOGYS ID JEO.
   625 | D:1      | 625 ||| DROPPING scroll of fog.
   626 | D:1      | 626 ||| DROPPING 2 scrolls of noise.
   729 | D:2      | 729 ||| Stepping ~*~*~tactically~*~*~ (hiding).
   730 | D:2      | 730 ||| Stepping ~*~*~tactically~*~*~ (hiding).
   732 | D:2      | 732 ||| Stepping ~*~*~tactically~*~*~ (hiding).
   970 | D:2      | 970 ||| Stepping ~*~*~tactically~*~*~ (stealth).
   972 | D:2      | 972 ||| Stepping ~*~*~tactically~*~*~ (stealth).
   991 | D:2      | Reached skill level 3 in Axes
  1033 | D:2      | Reached XP level 3. HP: 23/23 MP: 3/3
  1086 | D:2      | 1086 ||| DROPPING +0 club.
  1309 | D:2      | 1309 ||| FLEEEEING.
  1323 | D:2      | 1323 ||| Stepping ~*~*~tactically~*~*~ (hiding).
  1358 | D:2      | 1358 ||| Stepping ~*~*~tactically~*~*~ (hiding).
  1368 | D:2      | Found a faded altar of an unknown god.
  1729 | D:2      | 1729 ||| READING scroll labelled BAGGEAC HA BON.
  1730 | D:2      | 1730 ||| READING 3 scrolls labelled FOASSEBEOC.
  1731 | D:2      | 1731 ||| READING scroll labelled EROLUO PINGEUHOJ.
  1732 | D:2      | 1732 ||| READING scroll labelled ARIR NUMACY.
  1733 | D:2      | 1733 ||| READING 2 scrolls of identify.
  1733 | D:2      | 1733 ||| IDENTIFYING grey potion
  1791 | D:3      | 1791 ||| Stepping ~*~*~tactically~*~*~ (stealth).
  1992 | D:3      | Noticed a scorpion
  2007 | D:3      | Killed a scorpion
  2008 | D:3      | Reached skill level 4 in Axes
  2008 | D:3      | Reached XP level 4. HP: 27/28 MP: 4/4
  2036 | D:3      | 2036 ||| Stepping ~*~*~tactically~*~*~ (hiding).
  2086 | D:3      | Reached XP level 5. HP: 21/32 MP: 5/5
  2225 | D:3      | 2225 ||| UPGRADING to +0 helmet.
  2284 | D:3      | Reached skill level 1 in Throwing
  2310 | D:3      | 2310 ||| DROPPING +0 whip.
  2682 | D:3      | 2682 ||| READING scroll labelled UTWUUGR KIWERROXTI.
  2683 | D:3      | 2683 ||| READING scroll labelled NOSAUSUOJYR.
  2684 | D:3      | 2684 ||| READING 4 scrolls labelled YGIPUGUBR KOUM.
  2710 | D:4      | 2710 ||| PLANNING OSSUARY
  2723 | D:4      | 2723 ||| Stepping ~*~*~tactically~*~*~ (stealth).
  2726 | D:4      | 2726 ||| Stepping ~*~*~tactically~*~*~ (stealth).
  2878 | D:4      | 2878 ||| Stepping ~*~*~tactically~*~*~ (hiding).
  2878 | D:4      | Found a sand-covered staircase.
  2985 | D:4      | 2985 ||| UPGRADING to +0 chain mail.
  2995 | D:4      | 2995 ||| DROPPING +0 scale mail.
  2999 | Ossuary  | Entered an ossuary
  2999 | Ossuary  | Noticed a wraith
  2999 | Ossuary  | Noticed a wraith
  2999 | Ossuary  | Noticed a wraith
  3014 | Ossuary  | Reached skill level 5 in Axes
  3040 | Ossuary  | 3040 ||| READING scroll of enchant armour.
  3040 | Ossuary  | 3040 ||| ENCHANTING +0 helmet.
  3049 | Ossuary  | 3049 ||| Stepping ~*~*~tactically~*~*~ (stealth).
  3114 | Ossuary  | Noticed a wraith
  3125 | Ossuary  | HP: 5/32 [wraith (7)]
  3126 | Ossuary  | 3126 ||| READING 4 scrolls of teleportation.
  3126 | Ossuary  | Mangled by a wraith

Levels and vault maps discovered:
D:1:      dpeg_arrival_erosion, layout_rooms
D:2:      layout_basic, basic_ecumenical_altar
D:3:      layout_basic, serial_glass, glass_columns_c, glass_columns_a
D:4:      layout_basic, grunt_temple_overflow_opulence,
          nicolae_ossuary_entry_ruins
Ossuary:  ossuary_due_mausoleum

Skill      XL: |  1  2  3  4  5 |
---------------+----------------+-----
Axes           | 2 3 4 5 |  5.0
Throwing       | 1 |  1.1
Fighting       | |  3.6
Armour         | |  3.2
Shields        | |  3.2

Action                     |  1- 3 |  4- 6 || total
---------------------------+-------+-------++-------
  Melee: War axe           |   112 |    89 ||   201
  Throw: Javelin           |       |    36 ||    36
    Use: Scroll            |     8 |     5 ||    13
 Armour: Scale mail        |    62 |    29 ||    91
         Chain mail        |       |    13 ||    13
  Dodge: Dodged            |    45 |    28 ||    73
  Block: Buckler           |    21 |    15 ||    36

Table legend:
 A = Non-vault XP
 B = Vault XP
 C = Vault XP percentage of total XP
 D = Non-vault monster count
 E = Vault monster count
 F = Vault count percentage of total count
                 A         B        C        D         E       F
            +---------+---------+-------+---------+---------+-------
      Total |     256 |      37 |  12.6 |      60 |      20 |  25.0
            +---------+---------+-------+---------+---------+-------
        D:1 |      17 |       0 |   0.0 |      10 |       0 |   0.0
        D:2 |      46 |       0 |   0.0 |      18 |       0 |   0.0
        D:3 |     166 |       0 |   0.0 |      23 |       0 |   0.0
        D:4 |      27 |       0 |   0.0 |       9 |       0 |   0.0
    Ossuary |       0 |      37 | 100.0 |       0 |      20 | 100.0
            +---------+---------+-------+---------+---------+-------
